 Dungeon Crawl Stone Soup version 0.31-a0-876-gfe8ebadbca (webtiles) character file.

Game seed: 4382304805907502198

240 BinkBink the Covert (level 5, -6/28 HPs)
             Began as a Spriggan Delver on Oct 14, 2023.
             Killed from afar by Natasha (10 damage)
             ... with a magic dart
             ... on level 3 of the Dungeon.
             The game lasted 00:03:58 (1274 turns).

BinkBink the Covert (Spriggan Delver)               Turns: 1274, Time: 00:03:59

Health: -6/28      AC:  2    Str:  8    XL:     5   Next: 80%
Magic:  6/6        EV: 19    Int: 12    God:
Gold:   131        SH:  0    Dex: 18    Spells: 4/4 levels left

rFire   . . .        i - +4 dagger (holy)
rCold   . . .        (no shield)
rNeg    . . .        b - +0 robe
rPois   .            (helmet restricted)
rElec   .            (no cloak)
rCorr   .            (gloves unavailable)
SInv    +            (boots unavailable)
Will    .....        (no amulet)
Stlth   ++++         (no ring)
HPRegen 0.24/turn    (no ring)
MPRegen 0.10/turn

%: no passive effects
@: very quick
A: very small, no large weapons, unfitting armour, see invisible, speed 3
a: no special abilities


You were on level 3 of the Dungeon.
You visited 1 branch of the dungeon, and saw 4 of its levels.

You collected 131 gold pieces.

Inventory:

Hand Weapons
 a - a +0 short sword
 i - a +4 dagger of holy wrath (weapon)
Armour
 b - a +0 robe (worn)
Wands
 g - a wand of digging (3)
 j - a wand of acid (7)
Scrolls
 c - a scroll of fog
 d - a scroll of revelation
 e - a scroll of fear
 k - a scroll of identify {unknown}
 o - a scroll of enchant armour {unknown}
 p - a scroll of blinking {unknown}
Potions
 f - a potion of haste
 h - 4 potions of heal wounds {unknown}
 l - a potion of berserk rage {unknown}
 m - a potion of might {unknown}
 n - 3 potions of degeneration {unknown}


   Skills:
 + Level 3.2 Fighting
 * Level 4.5 Short Blades
 + Level 4.3 Dodging
 + Level 8.4 Stealth


You had 4 spell levels left.
You didn't know any spells.
Your spell library contained the following spells:

 Spells                   Type           Power      Damage    Failure   Level
 Magic Dart               Conj           0%         1d3       32%         1
 Searing Ray              Conj           0%         2d4       45%         2
 Fulminant Prism          Conj/Hex       0%         3d5       97%         4


Dungeon Overview and Level Annotations

Branches:
Dungeon (5/15)
 Temple: D:4-7

Altars:

Shops:
D:2 [

Annotations:
D:3 Natasha
D:5 Duvessa


Innate Abilities, Weirdness & Mutations

You are very small and have problems with some larger weapons.
You are too small for most types of armour.
You have supernaturally acute eyesight. (SInv)
You cover ground extremely quickly. (Speed+++)


Message History

You hit the orc but do no damage. You hit the ball python.
You kill the ball python!
The bat hits you. The orc barely misses you.
You hit the orc.
The orc is moderately wounded.
The bat barely misses you. The orc barely misses you.
You hit the orc but do no damage.
The orc is moderately wounded.
The bat closely misses you. The orc completely misses you.
The orc barely misses you.
The orc priest shouts!
You hit the orc.
The orc is heavily wounded.
You hit the orc.
You kill the orc!
The bat hits you but does no damage. x2; The orc hits you with a +0 falchion.
You hit the orc.
The orc is moderately wounded.
The bat closely misses you. The bat misses you. The frilled lizard bites you.
The orc hits you with a +0 falchion. The bat misses you.
The frilled lizard attacks as it pursues you!
The frilled lizard barely misses you.
The orc priest invokes the aid of Beogh against you.
Beogh smites you!
Ouch! That really hurt!
* * * LOW HITPOINT WARNING * * *
Natasha, Servant of Life and Death comes into view.
The bat closely misses you.
Natasha hisses angrily.
Natasha mewls in sadness.
The bat attacks as it pursues you! The bat hits you but does no damage.
The bat closely misses you. The bat attacks as it pursues you!
The bat hits you but does no damage. The bat closely misses you.
Natasha stares at you and mumbles some strange words.
The magic dart hits you!
You die...
Natasha begins licking her fur clean.

. .. #####.. #......
####......
################.........
#.......@......h.##......
#.###....b†.#######.....#
#.# #.......# #..h/##
##.# #.......# ##...#
#..# #.......#####
##l..## #######.##
#...........###......
#.......#
#.......###......#.##
#.......####.......#
###ob###.##
#..........#.......#
#.......$.


You could see Natasha and a bat.

Vanquished Creatures
  Blork the orc (D:4)
  Dowan (D:4)
  2 iguanas
  3 adders
  An orc (D:3)
  4 ball pythons
  3 endoplasms
  5 goblins
  2 hobgoblins
  3 jackals (D:2)
  4 quokkas
  2 bats (D:2)
  3 frilled lizards (D:2)
  6 kobolds (D:2)
  3 rats
43 creatures vanquished.

Notes
Turn   | Place    | Note
-------+----------+-------------------------------------------
     0 | D:5      | BinkBink the Spriggan Delver began the quest for the Orb.
     0 | D:5      | Reached XP level 1. HP: 11/11 MP: 2/2
    13 | D:5      | Noticed an iguana
    18 | D:5      | Killed an iguana
    19 | D:5      | Reached XP level 2. HP: 16/16 MP: 3/3
    93 | D:4      | Noticed Duvessa
    93 | D:4      | Noticed Dowan
    94 | D:4      | Killed Dowan
    95 | D:4      | Reached XP level 3. HP: 13/19 MP: 4/4
    95 | D:4      | Reached XP level 4. HP: 16/23 MP: 5/5
   276 | D:4      | Noticed Blork the orc
   278 | D:4      | Killed Blork the orc
   279 | D:4      | Reached skill level 8 in Stealth
   279 | D:4      | Reached XP level 5. HP: 28/28 MP: 6/6
   304 | D:4      | Noticed an ogre
   703 | D:2      | Found Nesoc's Antique Armour Boutique.
   809 | D:2      | Found a faded altar of an unknown god.
  1257 | D:3      | Noticed Natasha
  1274 | D:3      | Killed from afar by Natasha

Illustrated notes

Levels and vault maps discovered:
D:2:      layout_basic, hellmonk_ecumenical_altar_crossroads, serial_shops,
          nicolae_shop_overgrown_old_shop
D:3:      layout_rooms, nzn_wu_jian_contemplation, uniq_sigmund, uniq_natasha
D:4:      minmay_wonky_spiral, layout_gridville, minmay_strange_pillars,
          uniq_duvessa, uniq_grinder, uniq_blork_the_orc
D:5:      layout_loops_cross, minmay_misc_feat_ornament

Skill      XL: |  1  2  3  4 |
---------------+-------------+-----
Short Blades   | 3 4 |  4.5
Dodging        | 3 4 |  4.3
Fighting       | 3 |  3.2
Stealth        | 8 |  8.4

Action                     |  1- 3 |  4- 6 || total
---------------------------+-------+-------++-------
  Melee: Short sword       |    10 |       ||    10
         Punch             |     1 |       ||     1
         Dagger            |       |    94 ||    94
   Stab: Sleeping          |     2 |    11 ||    13
         Distracted        |       |     1 ||     1
 Armour: Robe              |     3 |    24 ||    27
  Dodge: Dodged            |     6 |    60 ||    66

Table legend: (Time is in decaauts)
 A = Elapsed time spent in this place.
 B = Non-inter-level travel time spent in this place.
 C = Inter-level travel time spent in this place.
 D = Time resting spent in this place.
 E = Time spent auto-exploring this place.
 F = Levels seen in this place.
 G = Mean time per level.
                   A        B        C        D        E       F      G
               +--------+--------+--------+--------+--------+-----+--------+
         Total |    858 |    851 |      7 |     19 |    408 |   4 |  214.5 |
       Dungeon |    858 |    851 |      7 |     19 |    408 |   4 |  214.5 |
               +--------+--------+--------+--------+--------+-----+--------+

Top non-repeatable levels by time:
     D:2: 399 daAuts
     D:4: 317 daAuts
     D:5: 82 daAuts
     D:3: 57 daAuts
